[Event "Titled Tuesday Blitz July 25 Late 2023"]
[White "Pakleza, Zbigniew"]
[Black "Nunez V, Gustavo Eduardo"]
[WhiteFideId "1119290"]
[BlackFideId "4403690"]
[WhiteElo "2759"]
[BlackElo "2409"]
[Result "1-0"]
[Round "4"]
[TimeControl "180+2"]
[Date "2023.07.25"]
[WhiteClock "0:00:11"]
[BlackClock "0:00:32"]
[Board "108"]

1. Nf3 Nf6 2. c4 c5 3. Nc3 b6 4. g3 Bb7 5. Bg2 g6 6. d4 cxd4 7. Qxd4 Bg7 8. O-O O-O 9. Qh4 d6 10. Bh6 Na6 11. e4 Nc5 12. Rfe1 Bxh6 13. Qxh6 Ncxe4 14. Nxe4 Bxe4 15. Ng5 Bxg2 16. Kxg2 Qc7 17. Kg1 Qxc4 18. Rxe7 Rae8 19. Ne6 Qxe6 20. Rxe6 Rxe6 21. Qd2 Rfe8 22. Rc1 d5 23. Qd3 Kg7 24. a4 a5 25. h3 h5 26. Rc2 Re4 27. b3 h4 28. g4 Re1+ 29. Kg2 Rb1 30. Rc6 Rbe1 31. Qd4 R1e5 32. f4 Re2+ 33. Kf3 R8e3+ 34. Qxe3 Rxe3+ 35. Kxe3 Nd7 36. Kd4 g5 37. fxg5 Nf8 38. Kxd5 Nh7 39. g6 Ng5 40. gxf7 Kxf7 41. Rxb6 Nxh3 42. Ke4 Nf2+ 43. Kf3 Nd3 44. Rb5 Nc1 45. Rxa5 Nxb3 46. Ra7+ Ke6 47. Ra6+ Ke5 48. Rh6 Nd4+ 49. Kg2 Kf4 50. Rxh4 Kg5 51. Rh3 Kxg4 52. Ra3 Kf5 53. a5 Nb5 54. a6 Na7 55. Rb3 Ke6 56. Rb7 Nc8 57. a7 Nd6 58. a8=Q Nf5 59. Rb6+ Ke5 60. Rb5+ Kf4 61. Rxf5+ Kxf5 62. Qf3+ Ke5 63. Kf2 Kd4 64. Ke2 Kc4 65. Qd3+ Kb4 66. Qc2 Ka5 67. Qb3 Ka6 68. Kd3 Ka5 69. Kc4 Ka6 70. Kc5 Ka7 71. Kc6 Ka8 72. Qb7# 1-0


[Site "https://www.chess.com"]

[Event "Titled Tuesday Blitz July 25 Late 2023"]
[White "Vega Gutierrez, Sabrina"]
[Black "Czarnota, Pawel"]
[WhiteFideId "2219026"]
[BlackFideId "1121219"]
[WhiteElo "2404"]
[BlackElo "2740"]
[Result "1-0"]
[Round "4"]
[TimeControl "180+2"]
[Date "2023.07.25"]
[WhiteClock "0:00:17"]
[BlackClock "0:00:23"]
[Board "109"]

1. e4 c5 2. Nf3 d6 3. d4 cxd4 4. Qxd4 Nc6 5. Bb5 Bd7 6. Bxc6 Bxc6 7. Nc3 e6 8. Bg5 Nf6 9. O-O-O Be7 10. Qd3 O-O 11. Nd4 Qa5 12. f4 Rac8 13. Kb1 Rfe8 14. f5 Bd7 15. Nb3 Qe5 16. Bxf6 Qxf6 17. g3 Qe5 18. h4 a6 19. g4 b5 20. a3 Bf8 21. Rhf1 Rc4 22. Nd2 Rc7 23. g5 Rec8 24. Nf3 Qc5 25. g6 fxg6 26. fxg6 h6 27. Nd4 b4 28. axb4 Qxb4 29. Nb3 Be8 30. Qh3 Qc4 31. Rd4 Qc6 32. Qxe6+ Kh8 33. Rxf8# 1-0


[Site "https://www.chess.com"]

[Event "Titled Tuesday Blitz July 25 Late 2023"]
[White "Schnaider, Ilan"]
[Black "dodoucb"]
[WhiteFideId "169013"]
[WhiteElo "2735"]
[BlackElo "2398"]
[Result "1-0"]
[Round "4"]
[TimeControl "180+2"]
[Date "2023.07.25"]
[WhiteClock "0:00:18"]
[BlackClock "0:00:11"]
[Board "110"]

1. e4 c6 2. Nc3 d5 3. Nf3 Bg4 4. h3 Bxf3 5. Qxf3 Nf6 6. e5 Ng8 7. d4 e6 8. Bd3 c5 9. dxc5 Bxc5 10. O-O Ne7 11. Qg3 g6 12. Bg5 Nbc6 13. Rad1 a6 14. Be2 Qc7 15. Bf6 Rg8 16. Na4 Ba7 17. c4 d4 18. Rb1 O-O-O 19. b4 d3 20. Bxd3 Nf5 21. Bxd8 Qxd8 22. Bxf5 gxf5 23. Qf4 Nd4 24. Kh1 Ne2 25. Qf3 Nd4 26. Qh5 Qd7 27. Nc5 Qc6 28. f3 Ne2 29. Qxf7 Ng3+ 30. Kg1 Bxc5+ 31. bxc5 Qxc5+ 32. Rf2 Ne2+ 33. Kh2 Rg6 34. Qxb7+ 1-0


[Site "https://www.chess.com"]

[Event "Titled Tuesday Blitz July 25 Late 2023"]
[White "Skvortsov, Andrei"]
[Black "Herman, Daniel"]
[WhiteFideId "24108600"]
[BlackFideId "30935008"]
[WhiteElo "2731"]
[BlackElo "2397"]
[Result "1/2-1/2"]
[Round "4"]
[TimeControl "180+2"]
[Date "2023.07.25"]
[WhiteClock "0:01:19"]
[BlackClock "0:00:08"]
[Board "111"]

1. d4 Nf6 2. c4 e6 3. Nf3 b6 4. a3 Bb7 5. g3 c5 6. Bg2 cxd4 7. Qxd4 Nc6 8. Qd1 d5 9. cxd5 Qxd5 10. O-O Be7 11. Nc3 Qxd1 12. Rxd1 O-O 13. Bf4 Rfd8 14. Ne5 Rac8 15. Rxd8+ Bxd8 16. Rd1 Na5 17. Nb5 Bxg2 18. Kxg2 Be7 19. Nxa7 Rc2 20. Rd2 Rxd2 21. Bxd2 Nb3 22. Nc8 Bc5 23. Bb4 Bxb4 24. axb4 Nd5 25. Nd3 f5 26. f3 Ne3+ 27. Kf2 Nc4 28. e4 Kf7 29. exf5 exf5 30. Na7 Ke6 31. Nb5 g5 32. Nc3 Nd4 33. h4 h6 34. hxg5 hxg5 35. Ne2 Nc2 36. f4 g4 37. Nc3 Nd4 38. Nd1 Nd6 39. Ne3 Ne4+ 40. Kg2 Ne2 41. Nc4 b5 42. Na3 Nd4 43. Nb1 Kd5 44. Ne5 Ne2 45. Na3 N2xg3 46. Nxb5 Ne2 47. Ng6 Nd2 48. Nc3+ Nxc3 49. bxc3 Ne4 50. b5 Nxc3 51. b6 Kc6 52. Ne7+ Kxb6 53. Nxf5 Nd5 54. Kg3 Nxf4 55. Kxf4 g3 56. Kxg3 1/2-1/2


[Site "https://www.chess.com"]

[Event "Titled Tuesday Blitz July 25 Late 2023"]
[White "Korchmar, Vasiliy"]
[Black "Davidson, Kevin"]
[WhiteFideId "24131750"]
[BlackFideId "2056810"]
[WhiteElo "2687"]
[BlackElo "2389"]
[Result "1-0"]
[Round "4"]
[TimeControl "180+2"]
[Date "2023.07.25"]
[WhiteClock "0:01:20"]
[BlackClock "0:00:00"]
[Board "112"]

1. e4 c5 2. d4 cxd4 3. Qxd4 Nc6 4. Qd3 Nf6 5. Nc3 e6 6. Nf3 Bb4 7. Bg5 h6 8. Bh4 g5 9. Bg3 d5 10. O-O-O dxe4 11. Qc4 Qa5 12. Nxe4 Nxe4 13. Qxe4 Qxa2 14. c3 Qa1+ 15. Kc2 Qa4+ 16. Kc1 Qa1+ 17. Qb1 Qxb1+ 18. Kxb1 Be7 19. Bb5 Bd7 20. h4 g4 21. Rxd7 Kxd7 22. Ne5+ Kc8 23. Nxc6 bxc6 24. Bxc6 Rb8 25. Bxb8 Kxb8 26. g3 Kc7 27. Bg2 Bc5 28. f3 gxf3 29. Bxf3 Rg8 30. g4 Rd8 31. Kc2 Be3 32. b4 Rd2+ 33. Kb3 Rf2 34. Be4 Rf4 35. Bd3 Rxg4 36. h5 f5 37. Rd1 Rh4 38. Bb5 Rxh5 39. Rd7+ Kb6 40. Ka4 a6 41. Be2 Kc6 42. Re7 Rh2 43. Bc4 Kd6 44. Rxe6+ Kd7 45. Rxe3 f4 46. Re6 f3 47. Rxa6 f2 48. Rf6 Ke7 49. Rf3 Kd6 50. b5 Kc5 51. Be2 Kd5 52. b6 Ke4 53. b7 f1=Q 54. Rxf1 Rxe2 55. b8=Q 1-0


[Site "https://www.chess.com"]

[Event "Titled Tuesday Blitz July 25 Late 2023"]
[White "Dimitrov, Atanas"]
[Black "Storn, Justin"]
[WhiteFideId "2901315"]
[BlackFideId "30922720"]
[WhiteElo "2686"]
[BlackElo "2387"]
[Result "1-0"]
[Round "4"]
[TimeControl "180+2"]
[Date "2023.07.25"]
[WhiteClock "0:01:27"]
[BlackClock "0:00:16"]
[Board "113"]

1. Nf3 Nf6 2. c4 g6 3. e3 Bg7 4. Nc3 O-O 5. b3 d6 6. Bb2 e5 7. Be2 Nc6 8. O-O Re8 9. d3 a5 10. Nd2 Nd7 11. Nd5 Nc5 12. a3 Be6 13. b4 Nd7 14. Qb3 a4 15. Qc2 Ne7 16. Nxe7+ Qxe7 17. Rfe1 f5 18. Bf3 c6 19. Rac1 g5 20. g3 f4 21. exf4 gxf4 22. Bg2 Rf8 23. Ne4 f3 24. Bf1 Bh6 25. Rcd1 Rf5 26. d4 Rh5 27. Qd3 Rf8 28. dxe5 dxe5 29. Qd6 Qf7 30. Nc5 Nxc5 31. Qxc5 Bg7 32. Bxe5 Bh3 33. Qd4 Bxf1 34. Bxg7 Qxg7 35. Qxg7+ Kxg7 36. Rxf1 Re5 37. Rfe1 Rxe1+ 38. Rxe1 Rf7 39. Re3 h5 40. h3 Kg6 41. Kh2 Kg5 42. Re5+ Kg6 43. g4 hxg4 44. hxg4 Rf4 45. Kg3 Rxc4 46. Re3 Kg5 47. Kxf3 Rf4+ 48. Ke2 Rxg4 49. Re7 b5 50. Rg7+ Kf5 51. Rxg4 Kxg4 52. Ke3 Kf5 53. Kd4 Ke6 54. Kc5 Kd7 55. f4 Kc7 56. f5 Kd7 57. f6 Ke6 58. Kxc6 Kxf6 59. Kxb5 Ke5 60. Kxa4 Kd6 61. Ka5 Kc7 62. Ka6 Kb8 63. Kb6 Ka8 64. Kc7 Ka7 65. b5 Ka8 66. a4 Ka7 67. b6+ Ka6 68. b7 Ka5 69. b8=Q Kxa4 70. Kc6 Ka5 1-0


[Site "https://www.chess.com"]

[Event "Titled Tuesday Blitz July 25 Late 2023"]
[White "Gubajdullin, Alexei"]
[Black "Lalanne, Pablo"]
[WhiteFideId "4141202"]
[BlackFideId "112151"]
[WhiteElo "2669"]
[BlackElo "2384"]
[Result "1-0"]
[Round "4"]
[TimeControl "180+2"]
[Date "2023.07.25"]
[WhiteClock "0:02:33"]
[BlackClock "0:00:05"]
[Board "114"]

1. d4 Nf6 2. Nf3 e6 3. Bf4 d5 4. e3 c5 5. Nbd2 Nc6 6. c3 Bd6 7. Bg3 O-O 8. Bd3 b6 9. Ne5 Bb7 10. f4 Ne7 11. Qf3 Nf5 12. Bf2 Be7 13. g4 Nd6 14. g5 Nfe4 15. Rg1 c4 16. Bc2 Nxd2 17. Kxd2 Ne4+ 18. Ke2 b5 19. Qh3 b4 20. cxb4 Qb6 21. a3 a5 22. Rg4 axb4 23. Rh4 h6 24. Rxh6 gxh6 25. Qxh6 f5 26. Bxe4 dxe4 27. g6 Rf7 28. gxf7# 1-0


[Site "https://www.chess.com"]

[Event "Titled Tuesday Blitz July 25 Late 2023"]
[White "Fernandez Diaz, Cristian"]
[Black "Shuvalova, Polina"]
[WhiteFideId "22256687"]
[BlackFideId "24171760"]
[WhiteElo "2382"]
[BlackElo "2632"]
[Result "0-1"]
[Round "4"]
[TimeControl "180+2"]
[Date "2023.07.25"]
[WhiteClock "0:00:35"]
[BlackClock "0:01:47"]
[Board "115"]

1. d4 Nf6 2. c4 e6 3. Nc3 d5 4. cxd5 Nxd5 5. e4 Nxc3 6. bxc3 c5 7. Rb1 Be7 8. Nf3 O-O 9. Bd3 cxd4 10. cxd4 Nc6 11. Bc4 a6 12. O-O b5 13. Be2 Bb7 14. Be3 Rc8 15. Qd2 Na5 16. Rfc1 Bxe4 17. Rxc8 Qxc8 18. Rc1 Qd8 19. Ne5 Bf6 20. Qb4 Bd5 21. a4 Be7 22. Qb1 bxa4 23. Bxa6 Nb3 24. Rc8 Qd6 25. Rxf8+ Bxf8 26. Bd3 g6 27. Qc2 a3 28. Nc4 Qb4 29. h4 Bxc4 30. Bxc4 a2 0-1


[Site "https://www.chess.com"]

[Event "Titled Tuesday Blitz July 25 Late 2023"]
[White "Aggelis, Nikolaos"]
[Black "Haitin, Ilja"]
[WhiteFideId "4213220"]
[BlackFideId "4501764"]
[WhiteElo "2612"]
[BlackElo "2376"]
[Result "0-1"]
[Round "4"]
[TimeControl "180+2"]
[Date "2023.07.25"]
[WhiteClock "0:00:07"]
[BlackClock "0:01:35"]
[Board "116"]

1. c4 b6 2. e4 e6 3. d4 Bb7 4. f3 f5 5. exf5 Nh6 6. Bxh6 Qh4+ 7. g3 Qxh6 8. fxe6 Qe3+ 9. Qe2 Bb4+ 10. Kd1 Qxd4+ 11. Kc2 O-O 12. Nc3 Bxc3 13. bxc3 Qc5 14. Bh3 dxe6 15. Bxe6+ Kh8 16. Bd5 Bxd5 17. cxd5 Qxd5 18. Nh3 Nc6 19. Qe4 Qc5 20. Ng5 Qxg5 21. Qxc6 Qf5+ 22. Kb2 Qxf3 23. Qxf3 Rxf3 24. Rhf1 Raf8 25. Rxf3 Rxf3 26. Re1 h5 27. Re7 Rf2+ 28. Kb3 Rxh2 29. Rxc7 Rg2 30. Rxa7 Rxg3 31. Rb7 Rg6 32. Rd7 h4 33. Rd3 Rh6 34. Rh3 g5 35. Kc4 g4 36. Rh1 h3 37. Kd3 g3 38. Ke2 g2 39. Rh2 g1=Q 0-1


[Site "https://www.chess.com"]

[Event "Titled Tuesday Blitz July 25 Late 2023"]
[White "ArtemDyachuk"]
[Black "Haraguchi, Diego Sashaki"]
[BlackFideId "22729925"]
[WhiteElo "2598"]
[BlackElo "2373"]
[Result "1-0"]
[Round "4"]
[TimeControl "180+2"]
[Date "2023.07.25"]
[WhiteClock "0:00:13"]
[BlackClock "0:00:12"]
[Board "117"]

1. e4 c5 2. Nf3 d6 3. d4 cxd4 4. Nxd4 Nf6 5. Nc3 a6 6. h3 g6 7. g4 Bg7 8. Bg2 O-O 9. O-O Nbd7 10. Be3 Nc5 11. f4 e5 12. Nb3 Nxb3 13. axb3 Qc7 14. g5 Nh5 15. f5 f6 16. Nd5 Qd8 17. gxf6 Bxf6 18. Bh6 Bg7 19. Bxg7 Kxg7 20. Qe2 Qg5 21. Qe3 Qxe3+ 22. Nxe3 Nf4 23. Rad1 gxf5 24. exf5 Bxf5 25. Nxf5+ Rxf5 26. Rxd6 Rg5 27. Rd2 Nxh3+ 28. Kh2 Nf4 29. Bxb7 Rf8 30. Rg1 Rxg1 31. Kxg1 Rf6 32. Rd7+ Kh6 33. Be4 Nh3+ 34. Kg2 Ng5 35. Bd5 Kh5 36. c4 e4 37. Re7 Rb6 38. c5 Rb5 39. Re5 Kg4 40. Bc4 Rb8 41. c6 Kf4 42. c7 Rc8 43. Re7 e3 44. Bxa6 1-0


[Site "https://www.chess.com"]

[Event "Titled Tuesday Blitz July 25 Late 2023"]
[White "Rian, Kapriaga"]
[Black "Andrej2004"]
[WhiteFideId "7103263"]
[WhiteElo "2367"]
[BlackElo "2583"]
[Result "0-1"]
[Round "4"]
[TimeControl "180+2"]
[Date "2023.07.25"]
[WhiteClock "0:00:00"]
[BlackClock "0:01:40"]
[Board "118"]

1. d4 Nf6 2. Nf3 e6 3. e3 b6 4. Bd3 Bb7 5. O-O g6 6. Nbd2 Bg7 7. b3 O-O 8. Bb2 d5 9. Ne5 Ne4 10. f3 Nd6 11. f4 f6 12. Nef3 Nd7 13. Qe2 Ne4 14. c4 f5 15. Rac1 Rc8 16. cxd5 exd5 17. Ne5 c5 18. Nxe4 fxe4 19. Ba6 Bxa6 20. Qxa6 Nxe5 21. fxe5 Qe7 22. dxc5 bxc5 23. Rf6 Bxf6 24. exf6 Qd7 25. Rd1 Rf7 26. h3 h6 27. Rf1 d4 28. exd4 cxd4 29. Rf4 d3 30. Rxe4 d2 31. Rd4 d1=Q+ 32. Rxd1 Qxd1+ 33. Kh2 Qd7 34. Qe2 Re8 35. Qf3 Qd6+ 0-1


[Site "https://www.chess.com"]

[Event "Titled Tuesday Blitz July 25 Late 2023"]
[White "Krishnan, Varun"]
[Black "Gerbelli Neto, Eduardo"]
[WhiteFideId "5054508"]
[BlackFideId "2103281"]
[WhiteElo "2580"]
[BlackElo "2367"]
[Result "1/2-1/2"]
[Round "4"]
[TimeControl "180+2"]
[Date "2023.07.25"]
[WhiteClock "0:00:04"]
[BlackClock "0:00:11"]
[Board "119"]

1. Nc3 Nf6 2. e4 e5 3. Nf3 Nc6 4. d4 exd4 5. Nxd4 Bb4 6. Nxc6 bxc6 7. Bd3 d5 8. exd5 cxd5 9. O-O O-O 10. Qf3 c6 11. Ne2 Bg4 12. Qg3 Bd6 13. Qh4 Bxe2 14. Bxe2 Ne4 15. Qxd8 Raxd8 16. Bd3 Rfe8 17. b3 Bc5 18. Bf4 Bd4 19. Rac1 g5 20. Bxe4 gxf4 21. Bd3 Bc3 22. h4 a5 23. a4 Re5 24. Kh2 h5 25. Kh3 f5 26. g3 fxg3 27. fxg3 Rf8 28. Rf3 Kg7 29. Rcf1 Kg6 30. Rg1 Re1 31. Rxe1 Bxe1 32. Re3 Bc3 33. Kg2 Bd4 34. Re6+ Rf6 35. Re8 Kf7 36. Rh8 Kg6 37. Rg8+ Kf7 38. Rg5 f4 39. gxf4 Rxf4 40. Rxh5 Rg4+ 41. Kf3 Rg1 42. Rh7+ Ke6 43. h5 Rh1 44. Bg6 Kd6 45. Ke2 Rh3 46. Rf7 Kc5 47. Rf1 Kb4 48. Rd1 c5 49. Bf7 Rh2+ 50. Ke1 Kc3 51. Bxd5 Rxc2 52. Be4 Rh2 53. Rd3+ Kb4 54. Bg6 Rh4 55. Rd2 Rh3 56. Re2 Kxb3 57. Kf1 Kxa4 58. Kg2 Rh4 59. Ra2+ Kb4 60. Bf7 a4 61. Re2 a3 62. Re8 Kc3 63. Ra8 Kb2 64. Rb8+ Ka1 65. Ra8 Bb2 66. Rb8 Rb4 67. Ra8 Bd4 68. Kf3 Rb2 69. Kg4 a2 70. h6 Kb1 71. Bxa2+ Rxa2 72. Rb8+ Rb2 73. Rc8 Kc1 74. Kf5 Rc2 75. h7 Kd2 76. Ke4 Rc4 77. Kd5 Rc3 78. h8=Q Bxh8 79. Rxh8 c4 80. Rh2+ Kc1 81. Kd4 Rc2 82. Rxc2+ Kxc2 83. Kxc4 1/2-1/2


[Site "https://www.chess.com"]

[Event "Titled Tuesday Blitz July 25 Late 2023"]
[White "Tarasova, Viktoriya"]
[Black "Veiga, Jose Francisco R P Neves"]
[WhiteFideId "4175840"]
[BlackFideId "1930087"]
[WhiteElo "2365"]
[BlackElo "2565"]
[Result "1-0"]
[Round "4"]
[TimeControl "180+2"]
[Date "2023.07.25"]
[WhiteClock "0:00:21"]
[BlackClock "0:00:41"]
[Board "120"]

1. d4 Nf6 2. c4 e6 3. Nc3 Bb4 4. Nf3 O-O 5. Bg5 h6 6. Bh4 d5 7. cxd5 exd5 8. e3 c6 9. Qc2 Be6 10. Bd3 Nbd7 11. O-O a5 12. Ne5 g5 13. Bg3 Nh5 14. f4 Nxe5 15. dxe5 Qb6 16. Bf2 a4 17. f5 Bc8 18. Qe2 Ng7 19. f6 Nf5 20. Qh5 Re8 21. Bxf5 Bxf5 22. e4 Bg6 23. Qxg6+ fxg6 24. Bxb6 Rxe5 25. Bd4 Re6 26. exd5 Rd6 27. f7+ Kf8 28. a3 Bxc3 29. Bxc3 Rxd5 30. Bb4+ c5 31. Rad1 Re5 32. Bc3 Re7 33. Rd6 Rxf7 34. Rxg6 Rxf1+ 35. Kxf1 Kf7 36. Rxh6 b5 37. Rb6 b4 38. axb4 cxb4 39. Bxb4 Rh8 40. h3 Rh4 41. Bc3 Rc4 42. Rb4 Rxb4 43. Bxb4 Ke6 44. Kf2 Kd5 45. Kf3 Kc4 46. Ba3 Kd3 47. Kg4 Ke3 48. Kxg5 1-0


[Site "https://www.chess.com"]

[Event "Titled Tuesday Blitz July 25 Late 2023"]
[White "Cooklev, Steven"]
[Black "Suvorov, Alexander"]
[WhiteFideId "2050552"]
[BlackFideId "12977063"]
[WhiteElo "2366"]
[BlackElo "2562"]
[Result "1-0"]
[Round "4"]
[TimeControl "180+2"]
[Date "2023.07.25"]
[WhiteClock "0:00:16"]
[BlackClock "0:00:00"]
[Board "121"]

1. e4 c5 2. Nf3 Nc6 3. Nc3 e5 4. Bc4 d6 5. d3 Be7 6. O-O Nf6 7. Ng5 O-O 8. f4 h6 9. Nf3 a6 10. a4 exf4 11. Bxf4 Be6 12. Nd5 Bxd5 13. exd5 Na5 14. Ba2 Re8 15. Qd2 Bf8 16. c3 b5 17. b4 Nb7 18. Bb3 cxb4 19. cxb4 Qb6+ 20. Kh1 Nh5 21. axb5 Nxf4 22. bxa6 g5 23. axb7 Qxb7 24. Rxa8 Qxa8 25. Nd4 Bg7 26. Nf5 Re2 27. Qd1 Qe8 28. g3 Nh3 29. Nxd6 Qe5 30. Ne4 Rb2 31. d6 Kh7 32. Bxf7 Rxb4 33. Qh5 1-0


[Site "https://www.chess.com"]

[Event "Titled Tuesday Blitz July 25 Late 2023"]
[White "Vovk, Orest"]
[Black "Topalov, Aleksandar"]
[WhiteFideId "14113490"]
[BlackFideId "925659"]
[WhiteElo "2562"]
[BlackElo "2359"]
[Result "1-0"]
[Round "4"]
[TimeControl "180+2"]
[Date "2023.07.25"]
[WhiteClock "0:00:06"]
[BlackClock "0:00:00"]
[Board "122"]

1. Nh3 e5 2. g4 d5 3. c4 d4 4. Rg1 Nc6 5. Bg2 h5 6. g5 g6 7. d3 Bf5 8. f4 Qd7 9. Nf2 Bb4+ 10. Kf1 Bd6 11. Ne4 exf4 12. Nxd6+ Qxd6 13. Qd2 f3 14. Bxf3 Qxh2 15. Bg2 Qd6 16. Qf4 Qd7 17. Na3 Nge7 18. Nb5 Rc8 19. Bd2 a6 20. Na3 O-O 21. b4 b5 22. cxb5 axb5 23. Nxb5 Nd5 24. Qf2 Ncxb4 25. Nxd4 Bh3 26. a3 Bxg2+ 27. Rxg2 Nc6 28. e4 Nb6 29. Nxc6 Qxc6 30. Rc1 Qd7 31. Rg3 c5 32. Bc3 Qe6 33. Qf6 Qxf6+ 34. Bxf6 Rfe8 35. Rg2 c4 36. dxc4 Nxc4 37. Kg1 Rxe4 38. Rgc2 Rg4+ 39. Kh2 1-0


[Site "https://www.chess.com"]

[Event "Titled Tuesday Blitz July 25 Late 2023"]
[White "Al-Tarboush, Ward"]
[Black "littlepinkyboy"]
[WhiteFideId "7601450"]
[WhiteElo "2554"]
[BlackElo "2355"]
[Result "0-1"]
[Round "4"]
[TimeControl "180+2"]
[Date "2023.07.25"]
[WhiteClock "0:02:19"]
[BlackClock "0:02:06"]
[Board "123"]

1. e4 c6 2. Nf3 d5 3. Nc3 dxe4 4. Nxe4 Nf6 5. Nxf6+ exf6 6. Bc4 Bd6 7. Qe2+ Qe7 8. Qxe7+ Bxe7 9. O-O O-O 10. Re1 Bd6 11. d4 Bg4 12. Bd2 Bxf3 13. gxf3 Nd7 14. Bd3 g6 15. c4 f5 16. c5 Bb8 17. Re7 Nf6 18. Rxb7 Nd5 19. Re1 Bf4 20. Bxf4 Nxf4 21. Bc4 Rad8 22. Ree7 Rxd4 23. Bxf7+ Rxf7 24. Re8+ Kg7 25. Rxf7+ Kxf7 26. Re1 Rd2 27. b4 Rxa2 28. h4 Nd3 29. Rd1 Nxb4 30. Rd7+ Kf6 31. Rxh7 a5 32. Rb7 Nd3 33. Rb6 Ne5 34. f4 Nf3+ 35. Kg2 Nd4 36. Kg3 a4 37. Rb4 Nb5 38. Rb1 a3 0-1


[Site "https://www.chess.com"]

[Event "Titled Tuesday Blitz July 25 Late 2023"]
[White "Ambartsumova, Karina"]
[Black "Gavarrete, Nahun"]
[WhiteFideId "4166299"]
[BlackFideId "8400709"]
[WhiteElo "2554"]
[BlackElo "2351"]
[Result "1/2-1/2"]
[Round "4"]
[TimeControl "180+2"]
[Date "2023.07.25"]
[WhiteClock "0:00:08"]
[BlackClock "0:00:13"]
[Board "124"]

1. c4 Nf6 2. Nf3 g6 3. g3 Bg7 4. Bg2 O-O 5. O-O c5 6. d4 cxd4 7. Nxd4 Nc6 8. Nc2 d6 9. Nc3 a6 10. b3 Bd7 11. Bb2 Rb8 12. a4 Qc8 13. Re1 Bh3 14. Bh1 Ng4 15. f3 Nf6 16. Ne3 h5 17. Qd2 Bh6 18. f4 Bg7 19. Ncd5 Nd7 20. Bxg7 Kxg7 21. Rac1 Kg8 22. Red1 Nc5 23. b4 Nb3 24. Qb2 Nxc1 25. Rxc1 Qd7 26. b5 Nd8 27. Qd4 Ne6 28. Qb2 Nc5 29. Rd1 Nxa4 30. Qb4 Nc5 31. b6 f6 32. Qb2 Be6 33. Qd4 Bxd5 34. Nxd5 Rbc8 35. Qe3 Kf7 36. Bf3 Qe6 37. Qd2 f5 38. Qb2 Ne4 39. Nc7 Qxc4 40. Rc1 Qa4 41. Ra1 Qd7 42. Qb3+ e6 43. Rc1 d5 44. Qb2 Qd6 45. Qd4 Rfd8 46. e3 Rd7 47. Kg2 Rdxc7 48. bxc7 Rxc7 49. Rxc7+ Qxc7 50. Qh8 Qc2+ 51. Kh3 Nf2+ 52. Kh4 Ng4 53. Qh7+ Kf6 54. Qh8+ Ke7 55. Qg7+ Kd6 56. Qxb7 Qxh2+ 57. Kg5 Qxg3 58. Qb6+ Kd7 59. Qb7+ Kd6 60. Qb6+ Kd7 61. Qb7+ Kd8 62. Qb8+ Kd7 63. Qb7+ 1/2-1/2


[Site "https://www.chess.com"]

[Event "Titled Tuesday Blitz July 25 Late 2023"]
[White "Golubev, Mikhail"]
[Black "Yolosz"]
[WhiteFideId "14100983"]
[WhiteElo "2544"]
[BlackElo "2351"]
[Result "1-0"]
[Round "4"]
[TimeControl "180+2"]
[Date "2023.07.25"]
[WhiteClock "0:00:03"]
[BlackClock "0:00:00"]
[Board "125"]

1. e4 c5 2. Ne2 Nc6 3. Nbc3 g6 4. d4 cxd4 5. Nxd4 Bg7 6. Be3 Nf6 7. Nxc6 bxc6 8. e5 Ng8 9. Bd4 f6 10. f4 Nh6 11. exf6 Bxf6 12. Ne4 Bxd4 13. Qxd4 O-O 14. O-O-O Nf5 15. Qe5 d5 16. Nc3 Qd6 17. Bd3 Rb8 18. Qxd6 Nxd6 19. g3 Bf5 20. Rhe1 Rf7 21. b3 Bxd3 22. Rxd3 Re8 23. Rd2 Kg7 24. Rde2 Kf6 25. Re6+ Kf5 26. h3 Ne4 27. Re5+ Kf6 28. Nxe4+ dxe4 29. R1xe4 e6 30. Rc5 Rc7 31. Rec4 Rd8 32. Rxc6 Rcd7 33. Re4 Rd2 34. Rexe6+ Kg7 35. Kb2 Rg2 36. Re3 Kh6 37. g4 Rd7 38. Rc4 Kg7 39. a4 Rf2 40. b4 Rb7 41. b5 a6 42. Rb4 a5 43. Rc4 Rd2 44. Rb3 Rbd7 45. b6 1-0


[Site "https://www.chess.com"]

[Event "Titled Tuesday Blitz July 25 Late 2023"]
[White "Kostiukov, Alexandr"]
[Black "Fiorito, Francisco"]
[WhiteFideId "14108100"]
[BlackFideId "180165"]
[WhiteElo "2348"]
[BlackElo "2526"]
[Result "0-1"]
[Round "4"]
[TimeControl "180+2"]
[Date "2023.07.25"]
[WhiteClock "0:00:00"]
[BlackClock "0:00:19"]
[Board "126"]

1. g3 d5 2. Bg2 e5 3. c4 dxc4 4. Qa4+ c6 5. Qxc4 Nf6 6. Nf3 Bd6 7. O-O O-O 8. d4 e4 9. Ng5 Qe7 10. Qc2 Bf5 11. Nc3 Re8 12. Qb3 Na6 13. f3 e3 14. Nge4 Bxe4 15. fxe4 Ng4 16. e5 Bb8 17. h3 Nxe5 18. dxe5 Bxe5 19. g4 Nc5 20. Qc2 Bd6 21. Qf5 Rad8 22. b4 Na6 23. a3 Nc7 24. Bb2 Be5 25. Rab1 Rd2 0-1


[Site "https://www.chess.com"]

[Event "Titled Tuesday Blitz July 25 Late 2023"]
[White "kripri"]
[Black "Bilan, Danila"]
[BlackFideId "24161918"]
[WhiteElo "2338"]
[BlackElo "2522"]
[Result "1-0"]
[Round "4"]
[TimeControl "180+2"]
[Date "2023.07.25"]
[WhiteClock "0:00:09"]
[BlackClock "0:00:00"]
[Board "127"]

1. d4 d5 2. Bf4 Nf6 3. e3 c5 4. dxc5 Qa5+ 5. Nc3 Qxc5 6. Nf3 Bg4 7. Be2 e6 8. O-O Be7 9. Rc1 O-O 10. Na4 Qa5 11. c4 dxc4 12. Nc3 b5 13. Nd4 Bxe2 14. Qxe2 Nbd7 15. Nc6 Qb6 16. Nxe7+ Kh8 17. Rfd1 Rfe8 18. Bd6 Nc5 19. Bxc5 Qxc5 20. Qf3 Qxe7 21. Nxb5 Rab8 22. Nd6 Red8 23. Nxc4 h6 24. h3 Rd5 25. b3 Rbd8 26. Rxd5 Nxd5 27. Ne5 Kg8 28. Nc6 Qa3 29. Qd1 Rd6 30. Qc2 g6 31. Ne5 Rd8 32. Nxg6 fxg6 33. Qxg6+ Kf8 34. Rc4 Qe7 35. Qxh6+ 1-0


[Site "https://www.chess.com"]

[Event "Titled Tuesday Blitz July 25 Late 2023"]
[White "Santos Flores, Alberto"]
[Black "Manon-og, Ramon Jr."]
[WhiteFideId "3601234"]
[BlackFideId "5200776"]
[WhiteElo "2521"]
[BlackElo "2332"]
[Result "1-0"]
[Round "4"]
[TimeControl "180+2"]
[Date "2023.07.25"]
[WhiteClock "0:02:09"]
[BlackClock "0:00:39"]
[Board "128"]

1. e4 c5 2. Nf3 d6 3. Bb5+ Nd7 4. d4 cxd4 5. Qxd4 a6 6. Bxd7+ Bxd7 7. Nc3 e5 8. Qd3 h6 9. Nd2 Be6 10. Nc4 Nf6 11. Ne3 Be7 12. Ned5 Nxd5 13. Nxd5 Bxd5 14. Qxd5 Qd7 15. Be3 O-O 16. c3 Kh8 17. O-O Rac8 18. Rad1 Qc7 19. Rd2 f5 20. exf5 Rxf5 21. Rfd1 Rcf8 22. h3 R8f6 23. c4 Rg6 24. Qe4 Qc8 25. Kh2 b5 26. c5 dxc5 27. Rd7 1-0


[Site "https://www.chess.com"]

[Event "Titled Tuesday Blitz July 25 Late 2023"]
[White "Kujawski, Adam"]
[Black "Benedetti, Julio"]
[WhiteFideId "1100920"]
[BlackFideId "172545"]
[WhiteElo "2331"]
[BlackElo "2511"]
[Result "0-1"]
[Round "4"]
[TimeControl "180+2"]
[Date "2023.07.25"]
[WhiteClock "0:00:00"]
[BlackClock "0:00:28"]
[Board "129"]

1. e4 c5 2. Nf3 d6 3. d4 cxd4 4. Nxd4 Nf6 5. Nc3 a6 6. Bg5 e6 7. f4 h6 8. Bh4 Qb6 9. Qd3 Qxb2 10. Rb1 Qa3 11. f5 e5 12. Bxf6 gxf6 13. Nb3 Be7 14. Nd5 Bd8 15. Be2 Nc6 16. O-O Nb4 17. Nxb4 Qxb4 18. Kh1 Bd7 19. Rfd1 Be7 20. c4 Qa3 21. c5 Bb5 22. Qe3 dxc5 23. Bxb5+ axb5 24. Qd3 c4 25. Qd7+ Kf8 26. Qxb7 Kg7 27. Nd2 Rab8 28. Qd7 Rhd8 29. Qc6 Qxa2 30. Nf3 b4 0-1


[Site "https://www.chess.com"]